AoeStats
← The_Nameless

Hill Fort

506463511Analyzed
2v2 RM · 18d ago on Sep 13, 2026· 95m 57s· 4 players
Game mode
Random Map
Map size
Medium (4 player)
Population
200
Speed
Normal
Resources
Standard
Victory
Conquest
Starting age
Dark Age
Ending age
Imperial Age
RankedLock teamsTeams togetherTeam positionsShared explorationLock speedFull tech treeHidden civsTurbo modeCheats
Victory
Defeat
🇫🇷 Byzantines · France
800
+14
🇩🇪 Vietnamese · Germany
752
+16
🇬🇧 Franks · United Kingdom
748
-15
🇬🇧 Goths · United Kingdom
748
-15
ilovetodestroy
9:53 Feudal Age
10:19 Double-Bit Axe
11:14 Horse Collar
22:12 Castle Age
20:27 Man-at-Arms
21:27 Forging
24:39 Gold Mining
25:26 Squires
25:30 Long Swordsman
31:16 Heavy Plow
34:28 Iron Casting
33:54 Scale Mail Armor
35:17 Anarchy
36:40 Chain Mail Armor
40:05 Imperial Age
41:23 Conscription
41:06 Perfusion
45:42 Pikeman
48:42 Halberdier
51:58 Two-Handed Swordsman
54:37 Blast Furnace
56:41 Champion
56:51 Champion
57:57 Capped Ram
58:03 Elite Huskarl
59:24 Crop Rotation
59:31 Capped Ram
76:43 Caravan
87:33 Bow Saw
The_Nameless
11:04 Feudal Age
9:20 Loom
11:32 Double-Bit Axe
13:21 Wheelbarrow
16:30 Scale Barding Armor
16:36 Forging
18:56 Gold Mining
22:29 Castle Age
24:27 Bow Saw
24:23 Husbandry
24:46 Chain Barding Armor
25:02 Iron Casting
26:38 Gold Shaft Mining
28:47 Hand Cart
38:01 Imperial Age
35:56 Ballistics
35:34 Murder Holes
39:23 Siege Engineers
39:00 Capped Ram
39:09 Cavalier
40:34 Plate Barding Armor
41:00 Blast Furnace
40:36 Stone Mining
42:15 Paladin
62:52 Murder Holes
64:00 Chemistry
67:18 Chivalry
67:03 Light Cavalry
71:07 Caravan
greatmaetzchen
11:04 Feudal Age
9:47 Loom
11:56 Double-Bit Axe
18:37 Castle Age
17:46 Horse Collar
18:59 Scale Mail Armor
20:35 Pikeman
23:11 Forging
23:17 Chain Mail Armor
23:50 Squires
23:36 Gambesons
24:29 Iron Casting
25:26 Wheelbarrow
26:07 Fletching
27:00 Stone Mining
33:06 Imperial Age
30:59 Hand Cart
32:00 Ballistics
35:10 Capped Ram
36:04 Onager
36:49 Murder Holes
37:53 Stone Shaft Mining
37:11 Gold Mining
37:24 Heavy Plow
38:33 Hoardings
39:52 Chemistry
39:48 Crop Rotation
40:00 Gold Shaft Mining
41:27 Logistica
43:41 Conscription
44:12 Scale Barding Armor
44:04 Bodkin Arrow
43:44 Halberdier
45:22 Chain Barding Armor
45:01 Bodkin Arrow
46:08 Arson
47:50 Plate Barding Armor
47:16 Bracer
49:25 Plate Mail Armor
48:52 Elite Cataphract
68:29 Caravan
70:09 Treadmill Crane
70:45 Husbandry
78:41 Bow Saw
78:02 Heavy Camel Rider
83:41 Man-at-Arms
86:58 Long Swordsman
89:26 Two-Handed Swordsman
91:33 Champion
Iceman
3:31 Loom
11:46 Feudal Age
13:20 Double-Bit Axe
14:48 Horse Collar
22:19 Castle Age
21:27 Gold Mining
21:40 Scale Mail Armor
21:31 Fletching
22:35 Crossbowman
23:18 Pikeman
23:22 Elite Skirmisher
24:41 Padded Archer Armor
25:59 Thumb Ring
30:29 Town Watch
30:43 Bodkin Arrow
30:53 Scale Barding Armor
31:04 Chain Mail Armor
30:59 Forging
37:43 Leather Archer Armor
42:30 Imperial Age
42:02 Ballistics
41:38 Murder Holes
43:01 Treadmill Crane
43:59 Iron Casting
49:38 Town Patrol
49:53 Fortified Wall
49:50 Siege Engineers
56:08 Elite Fire Lancer
66:29 Wheelbarrow
66:39 Halberdier
67:19 Squires
68:18 Bracer
68:49 Ring Archer Armor
68:49 Plate Mail Armor
68:40 Chain Barding Armor
69:22 Chemistry
68:41 Guilds
69:43 Hand Cart
70:16 Coinage
74:06 Heavy Cavalry Archer
79:07 Banking
87:03 Plate Barding Armor
86:52 Bombard Tower
93:15 Man-at-Arms
93:16 Arbalester
93:58 Chatras
94:33 Hoardings
94:20 Paper Money
Connection lost

Rejoining the realm…

Still unreachable

The connection could not be restored.

Session expired

The server has moved on; the page needs a fresh start.